 Dungeon Crawl Stone Soup version 0.21-a0-513-gdcb3f5e (webtiles) character file.

214 theanonym the Skirmisher (level 5, -5/59 HPs)
             Began as an Ogre Berserker on Dec 1, 2017.
             Was a Believer of Trog.
             Slain by a goblin (6 damage)
             ... led by Robin
             ... on level 3 of the Dungeon.
             The game lasted 00:04:10 (3121 turns).

theanonym the Skirmisher (Ogre Berserker)           Turns: 3121, Time: 00:04:10

Health: -5/59      AC:  3    Str: 19 (21) XL:     5   Next: 91%
Magic:  5/5        EV: 10    Int:  7 (8)  God:    Trog [**....]
Gold:   97         SH:  0    Dex:  8 (9)  Spells: 4/4 levels left

rFire    . . .     SeeInvis .   a - +0 flail
rCold    . . .     Gourm    .   (no shield)
rNeg     . . .     Faith    .   b - +0 animal skin
rPois    .         Spirit   .   (helmet restricted)
rElec    .         Reflect  .   (no cloak)
rCorr    .         Harm     .   (gloves unavailable)
MR       ++...                  (boots unavailable)
Stlth    +.........             (no amulet)
HPRegen  1.19/turn              (no ring)
MPRegen  0.09/turn              (no ring)

@: berserk cooldown, regenerating, slowed, very slow
A: large, unfitting armour, tough skin 1
a: Berserk, Trog's Hand, Burn Spellbooks, Renounce Religion


Innate Abilities, Weirdness & Mutations

You are too large for most types of armour.
You have tough skin. (AC +1)


   Skills:
 + Level 5.8 Fighting
 * Level 5.0 Maces & Flails
 - Level 2.6 Dodging


You had 4 spell levels left.
You didn't know any spells.

Skill      XL: |  1  2  3  4  5 |
---------------+----------------+-----
Maces & Flails | 3 4 5 |  5.0
Fighting       | 5 |  5.8
Dodging        | |  2.6

Action                   |  1- 3 |  4- 6 || total
-------------------------+-------+-------++-------
Melee: Mace              |   107 |    60 ||   167
       Flail             |       |    32 ||    32
Invok: Berserk           |     1 |     7 ||     8
       Trog's Hand       |       |     3 ||     3
  Use: Potion            |       |     4 ||     4
 Stab: Invisible         |     1 |       ||     1
       Paralysed         |     1 |       ||     1
  Eat: Chunk             |     3 |     4 ||     7
       Bread ration      |       |     1 ||     1
       Meat ration       |       |     1 ||     1
Armor: Animal skin       |    43 |    31 ||    74
Dodge: Dodged            |    65 |   100 ||   165

Inventory:

Hand Weapons
 a - a +0 flail (weapon)
   (You took it off an orc on level 3 of the Dungeon)
 m - a +0 mace
Armour
 b - a +0 animal skin (worn)
 c - a +0 cloak
   (You took it off Crazy Yiuf on level 2 of the Dungeon)
Scrolls
 e - a scroll of blinking {unknown}
 h - a scroll of magic mapping {unknown}
 j - a scroll of identify {unknown}
 n - a scroll of remove curse {unknown}
 p - a scroll of teleportation {unknown}
 r - a scroll of enchant armour {unknown}
Potions
 g - 2 potions of brilliance
 k - a potion of heal wounds {unknown}
 l - a potion of agility
 o - a potion of lignification {unknown}
 q - a potion of mutation {unknown}
 t - a potion of curing {unknown}
Comestibles
 d - 3 royal jellies
 s - a bread ration

Dungeon Overview and Level Annotations

Branches:
Dungeon (4/15)
 Temple: D:4-7

Altars:
Ru
Uskayaw
Wu Jian


You were on level 3 of the Dungeon.
You worshipped Trog.
Trog was pleased with you.
You were not hungry.

You visited 1 branch of the dungeon, and saw 4 of its levels.

You collected 97 gold pieces.


Message History

A goblin comes into view. It is wielding a dagger.
You take 5 damage, and have 55/88 hp.
You barely miss Robin. The hobgoblin barely misses you. The goblin hits you.
The goblin hits you with a dagger. The goblin hits you.
The goblin hits you but does no damage. The orc closely misses you.
Robin roars a battlecry!
The goblins go into a battle-frenzy!
An orc comes into view. It is wielding a hand axe of flaming.
The orc shouts!
You take 6 damage, and have 49/88 hp.
You sock Robin! The hobgoblin closely misses you. The goblin hits you.
The goblin hits you but does no damage.
You take 3 damage, and have 46/88 hp.
You bludgeon Robin!!
You kill Robin!
Trog accepts your kill.
Your Maces & Flails skill increases to level 5!
The goblin hits you. The goblin barely misses you. The orc hits you.
* * * LOW HITPOINT WARNING * * *
The hobgoblin hits you.
* * * LOW HITPOINT WARNING * * *
A goblin comes into view. It is wielding a club.
You take 10 damage, and have 36/88 hp.
You barely miss the goblin. The goblin hits you but does no damage.
The goblin barely misses you. The goblin hits you but does no damage.
The orc hits you but does no damage.
The goblin hits you but does no damage. x2
You bludgeon the hobgoblin!!
You kill the hobgoblin!
Trog accepts your kill. The goblin misses you. The goblin hits you.
* * * LOW HITPOINT WARNING * * *
The goblin barely misses you.
You take 2 damage, and have 35/88 hp.
You bludgeon the hobgoblin!!
You kill the hobgoblin!
Trog accepts your kill. The orc barely misses you. The goblin misses you.
The goblin closely misses you. x2; The goblin misses you.
You closely miss the hobgoblin. The goblin hits you.
* * * LOW HITPOINT WARNING * * *
The orc hits you.
* * * LOW HITPOINT WARNING * * *
The goblin barely misses you. The goblin closely misses you.
You take 6 damage, and have 29/88 hp.
You closely miss the hobgoblin. The hobgoblin closely misses you.
The goblin hits you.
* * * LOW HITPOINT WARNING * * *
The goblin misses you. The goblin hits you.
* * * LOW HITPOINT WARNING * * *
The orc hits you.
* * * LOW HITPOINT WARNING * * *
An orc comes into view. It is wielding a mace.
You take 10 damage, and have 19/88 hp.
The goblin hits you.
* * * LOW HITPOINT WARNING * * *
You see here a rat corpse.
You sock the goblin!
You kill the goblin!
Trog accepts your kill. The goblin barely misses you.
The goblin hits you with a club.
* * * LOW HITPOINT WARNING * * *
You bludgeon the goblin!!
You kill the goblin!
Trog accepts your kill. The goblin hits you but does no damage.
The goblin barely misses you.
You closely miss the hobgoblin. The goblin hits you with a club.
* * * LOW HITPOINT WARNING * * *
The hobgoblin hits you.
* * * LOW HITPOINT WARNING * * *
The goblin hits you.
* * * LOW HITPOINT WARNING * * *
The orc closely misses you. The goblin hits you but does no damage.
You take 4 damage, and have 16/88 hp.
You closely miss the hobgoblin. The hobgoblin hits you.
* * * LOW HITPOINT WARNING * * *
The goblin barely misses you. The goblin hits you.
* * * LOW HITPOINT WARNING * * *
The orc barely misses you.
You take 4 damage, and have 12/88 hp.
You sock the orc!
You kill the orc!
Trog accepts your kill.
You are no longer berserk.
You are exhausted.
You feel yourself slow down.
You feel the effects of Trog's Hand fading.
The goblin hits you.
* * * LOW HITPOINT WARNING * * *
You now have 4/59 hp.
Okay, then.
It was a potion of degeneration.
There was something very wrong with that liquid.
You feel weakened.
You feel dopey.
You feel clumsy. The hobgoblin misses you. The goblin barely misses you.
The goblin closely misses you. The goblin hits you.
* * * LOW HITPOINT WARNING * * *
The hobgoblin hits you.
* * * LOW HITPOINT WARNING * * *
The goblin barely misses you. The goblin hits you.
You die...

#.. ## #.. #. #...#.
### #> #...#. ..#
###### o#.....
#####.##......
.......#+#.............
......).o..............
.
......)ggg............
.
......)g@...!.........
.
....#..gg#+#+#'#.######
# ...
#.................### .
#..........#.###....#
#..........#.# #....#
##+#.......#.# #....#
........#.# #....#
..#.#+###.###...## ..#.
.........##


You could see an orc, a hobgoblin and 5 goblins.

Notes
Turn   | Place    | Note
-------+----------+-------------------------------------------
     0 | D:1      | theanonym the Ogre Berserker began the quest for the Orb.
     0 | D:1      | Reached XP level 1. HP: 24/24 MP: 1/1
   119 | D:1      | HP: 10/24 [goblin/club (6)]
   131 | D:1      | HP: 12/36 [giant cockroach (1)]
   133 | D:1      | Reached skill level 3 in Maces & Flails
   377 | D:1      | Reached XP level 2. HP: 22/33 MP: 2/2
   846 | D:1      | Reached XP level 3. HP: 31/40 MP: 3/3
  1096 | D:2      | Found an ornate altar of the Wu Jian Council.
  1194 | D:2      | Found a sacrificial altar of Ru.
  1569 | D:2      | Reached XP level 4. HP: 44/49 MP: 4/4
  1643 | D:2      | Reached skill level 4 in Maces & Flails
  1654 | D:2      | Found a hide-covered altar of Uskayaw.
  1661 | D:2      | HP: 24/49 [adder (5)]
  1666 | D:2      | HP: 31/73 [adder (2)]
  1667 | D:2      | Reached skill level 5 in Fighting
  1671 | D:2      | HP: 30/75 [poisoned by an adder]
  1677 | D:2      | HP: 17/50 [poisoned by an adder]
  1683 | D:2      | HP: 15/50 [poisoned by an adder]
  1689 | D:2      | HP: 15/50 [poisoned by an adder]
  2095 | D:2      | Noticed Natasha
  2104 | D:2      | Killed Natasha
  2173 | D:2      | Found a runed door.
  2248 | D:2      | Noticed an enchanted hand axe
  2249 | D:2      | Noticed a dagger
  2318 | D:2      | Noticed Crazy Yiuf
  2326 | D:2      | Killed Crazy Yiuf
  2326 | D:2      | Reached XP level 5. HP: 57/57 MP: 5/5
  2449 | D:2      | Noticed Natasha
  2458 | D:2      | Killed Natasha
  2458 | D:2      | Reached ** piety under Trog
  2588 | D:3      | HP: 40/85 [orc/flail (8)]
  2593 | D:3      | HP: 25/85 [orc wizard/dagger (7)]
  2602 | D:4      | HP: 6/59 [orc/club (6)]
  2606 | D:4      | HP: 2/59 [orc/club (1)]
  2852 | D:3      | HP: 26/59 [orc/flail (9)]
  3098 | D:3      | Noticed Robin
  3109 | D:3      | Killed Robin
  3109 | D:3      | Reached skill level 5 in Maces & Flails
  3109 | D:3      | HP: 41/88 [orc (5)]
  3114 | D:3      | HP: 27/88 [goblin[Robin] (3)]
  3119 | D:3      | HP: 13/88 [hobgoblin[Robin] (4)]
  3120 | D:3      | HP: 4/59 [goblin[Robin] (5)]
  3121 | D:3      | HP: 1/59 [hobgoblin[Robin] (3)]
  3121 | D:3      | Slain by a goblin

Vanquished Creatures
  Crazy Yiuf (D:2)
  An orc wizard (D:3)
  Natasha (twice) (D:2)
  Robin (D:3)
  3 adders (D:2)
  An ooze (D:1)
  A worm (D:2)
  A dart slug (D:2)
  A leopard gecko (D:1)
  5 orcs
  5 giant cockroaches
  7 goblins
  13 hobgoblins
  A jackal (D:2)
  2 quokkas
  4 bats
  2 frilled lizards (D:1)
  4 kobolds
  4 rats
59 creatures vanquished.
